 Dungeon Crawl Stone Soup version 0.17.1-2-g5865329 (webtiles) character file.

58 Jerry the Vexing (level 4, -2/29 HPs)
             Began as an Octopode Arcane Marksman on Jan 28, 2016.
             Slain by a gnoll
             ... wielding a +0 halberd
              (7 damage)
             ... on level 3 of the Dungeon.
             The game lasted 00:05:50 (829 turns).

Jerry the Vexing (Octopode Arcane Marksman)          Turns: 829, Time: 00:05:50

Health: -2/29      AC:  1    Str: 10    XL:     4   Next: 2%
Magic:  5/5        EV: 12    Int: 15    God:
Gold:   85         SH:  0    Dex: 12    Spells: 1 memorised, 4 levels left

rFire  . . .     SeeInvis .     a - +0 hand crossbow
rCold  . . .     Clarity  .     (no shield)
rNeg   . . .     SustAt   .     (helmet restricted)
rPois  .         Gourm    .     (no amulet)
rElec  .         Spirit   .     g - ring of teleportation (curse)
rCorr  .         Warding  .     (no ring)
rMut   .         Rnd*Tele +     (no ring)
MR     .....                    (no ring)
Stlth  +++.......               (no ring)
                                (no ring)
                                (no ring)
                                (no ring)

@: not resistant to hostile enchantments, fairly stealthy
A: almost no armour, amphibious, 8 rings, constrict 8, camouflage 1, gelatinous
body 1
a: Evoke Teleportation


You were on level 3 of the Dungeon.
You were not hungry.

You visited 1 branch of the dungeon, and saw 3 of its levels.

You collected 85 gold pieces.

Inventory:

Hand Weapons
 a - a +0 hand crossbow (weapon)
 j - a +1 hand axe of freezing
Jewellery
 g - a cursed ring of teleportation (left tentacle)
Scrolls
 c - a scroll of enchant weapon {unknown}
 h - 2 scrolls of identify {unknown}
 i - a scroll of recharging {unknown}
Potions
 e - a potion of haste {unknown}
 f - a potion of curing {unknown}
Books
 b - a book of Debilitation

   Spells                             Type                      Level
   a - Corona                         Hexes                        1
   b - Slow                           Hexes                        2
   c - Gell's Gravitas                Hexes/Translocation          3
   d - Inner Flame                    Hexes/Fire                   3
   e - Cause Fear                     Hexes                        4
   f - Leda's Liquefaction            Hexes/Earth                  4
Comestibles
 d - 2 bread rations


   Skills:
 + Level 1.8 Fighting
 + Level 2.6 Crossbows
 + Level 2.6 Dodging
 + Level 2.7 Stealth
 - Level 1.0 Spellcasting
 - Level 3.0 Hexes


You had 4 spell levels left.
You knew the following spells:

 Your Spells              Type           Power        Failure   Level  Hunger
a - Corona                Hex            #......      10%         1    ##.....


Dungeon Overview and Level Annotations

Branches:
Dungeon (3/15)

Altars:
Dithmenos


Innate Abilities, Weirdness & Mutations

You cannot wear most types of armour.
You are amphibious.
You can wear up to eight rings at the same time.
You can use your tentacles to constrict eight enemies at once.
Your skin changes colour to match your surroundings (Stealth).
Your rubbery body absorbs attacks (AC +1).


Message History

The gnoll closely misses you.
You clumsily bash the kobold but do no damage.
You grab the kobold.
You squeeze the kobold, but do no damage.
You constrict the kobold.
The gnoll hits you from afar with a spear!
* * * LOW HITPOINT WARNING * * *
The kobold hits you with a whip.
* * * LOW HITPOINT WARNING * * *
The kobold hits you but does no damage.
You clumsily bash the kobold but do no damage.
The kobold is moderately wounded.
You constrict the kobold.
You kill the kobold!
The gnoll barely misses you.
Items here: )) †† a whip; a club; a kobold corpse; a goblin corpse A rat comes into view.
The gnoll hits you from afar with a halberd!
You die...

####### #.....### #.......###
###### r# #.....#...####....##
.# #####..##..##......##.#
##...#.#........#.# ...g
###........@.....# ....
##.............# .g..
###......g....# ....
#........g.########....
###........###.........
###....r.......#......
##.....................
#..######.g.#....#...#.
#########.#..).......#..##.....


You could see 3 gnolls and a rat.

Vanquished Creatures
  A gnoll (D:2)
  2 adders (D:2)
  A giant gecko (D:1)
  A bat (D:1)
  A giant cockroach (D:2)
  5 goblins
  2 hobgoblins
  5 jackals (D:2)
  2 giant newts (D:1)
  5 kobolds
  3 rats
28 creatures vanquished.

Notes
Turn   | Place    | Note
--------------------------------------------------------------
     0 | D:1      | Jerry the Octopode Arcane Marksman began the quest for the Orb.
     0 | D:1      | Reached XP level 1. HP: 13/13 MP: 2/2
   173 | D:1      | Reached skill level 1 in Stealth
   218 | D:1      | Reached XP level 2. HP: 18/18 MP: 3/3
   620 | D:2      | Reached XP level 3. HP: 23/23 MP: 4/4
   751 | D:2      | You fall through a shaft!
   754 | D:3      | Found a shadowy altar of Dithmenos.
   797 | D:3      | Found a faded altar to an unknown god.
   815 | D:3      | Reached XP level 4. HP: 27/29 MP: 5/5
   829 | D:3      | Slain by a gnoll

Action                   |  1- 3 |  4- 6 || total
-------------------------+-------+-------++-------
Melee: Hand crossbow     |     2 |     3 ||     5
 Fire: Hand crossbow     |    49 |       ||    49
